 Dungeon Crawl Stone Soup version 0.26-b1-32-g5d43845318 (webtiles) character file.

Game seed: 6103523539509200654

12663 Arthanis the Arsonist (level 11, -2/57 HPs)
             Began as a Deep Elf Fire Elementalist on Jan 11, 2021.
             Was an Elder of Vehumet.
             Slain by a skeletal warrior
             ... wielding a +0 trident
              (26 damage)
             ... on level 11 of the Dungeon.
             The game lasted 00:22:01 (14193 turns).

Arthanis the Arsonist (Deep Elf Fire Elementalist) Turns: 14193, Time: 00:22:02

Health: -2/57      AC:  5    Str:  5    XL:     11   Next: 65%
Magic:  16/28      EV: 16    Int: 24    God:    Vehumet [****..]
Gold:   743        SH:  0    Dex: 15    Spells: 9/32 levels left

rFire    + . .     SeeInvis +   y - staff of fire
rCold    . . .     Faith    .   (no shield)
rNeg     . . .     Spirit   .   a - +0 robe
rPois    .         Reflect  .   J - +1 helmet
rElec    .         Harm     .   (no cloak)
rCorr    .         Rampage  .   (no gloves)
Will     +....                  D - +0 pair of boots
Stlth    ++........             (no amulet)
HPRegen  0.19/turn              c - ring of see invisible
MPRegen  0.21/turn              (no ring)

@: no status effects
A: no striking features
a: Renounce Religion


You were on level 11 of the Dungeon.
You worshipped Vehumet.
Vehumet was greatly pleased with you.
You visited 2 branches of the dungeon, and saw 12 of its levels.

You collected 773 gold pieces.
You spent 30 gold pieces at shops.

Inventory:

Hand Weapons
 H - a +4 spear of venom
 W - the +3 great sword of Zastucud {vorpal, rN+, unknown}
   (You found it on level 11 of the Dungeon)

   It inflicts extra damage upon your enemies.
   It protects you from negative energy.
Armour
 a - a +0 robe (worn)
 f - a +0 buckler
 D - a +0 pair of boots (worn)
 J - a +1 helmet (worn)
Magical Staves
 y - an uncursed staff of fire (weapon)
Jewellery
 c - a ring of see invisible (left hand)
 q - an uncursed ring of ice
 w - an uncursed amulet of the acrobat
 V - an uncursed amulet of reflection
Wands
 k - a wand of iceblast (32)
 r - a wand of paralysis (8)
 C - a wand of flame (29)
 F - a wand of acid (10)
 N - a wand of random effects (10)
 O - a wand of digging (8)
 R - a wand of disintegration (13)
Scrolls
 b - 3 scrolls of fog
 e - a scroll of summoning
 g - 3 scrolls of magic mapping
 h - 3 scrolls of amnesia
 i - 2 scrolls of immolation
 l - 2 scrolls of fear
 m - 11 scrolls of teleportation
 s - a scroll of vulnerability
 u - 2 scrolls of enchant armour
 v - a scroll of blinking
 Q - 2 scrolls of remove curse
Potions
 d - a potion of ambrosia {unknown}
 j - 3 potions of mutation
 n - a potion of cancellation {unknown}
 o - 6 potions of brilliance
 t - 3 potions of flight
 x - 4 potions of haste
 z - 5 potions of curing
 A - 2 potions of magic
 B - a potion of might {unknown}
 E - a potion of resistance {unknown}
 I - a potion of degeneration {unknown}
 K - a potion of berserk rage {unknown}
 L - 3 potions of heal wounds {unknown}
 M - a potion of attraction {unknown}
 S - a potion of invisibility
 T - a potion of lignification {unknown}


   Skills:
 - Level 2.0 Fighting
 - Level 6.0 Dodging
 - Level 3.0 Stealth
 + Level 3.8 Shields
 - Level 11.2 Spellcasting
 - Level 9.3 Conjurations
 - Level 13.1 Fire Magic
 - Level 4.1 Evocations


You had 9 spell levels left.
You knew the following spells:

 Your Spells              Type           Power        Failure   Level
a - Foxfire               Conj/Fire      100%         1%          1
b - Conjure Flame         Conj/Fire      79%          1%          3
c - Sticky Flame          Conj/Fire      79%          1%          4
d - Fireball              Conj/Fire      39%          1%          5
e - Shock                 Conj/Air       100%         1%          1
f - Fulminant Prism       Conj/Hex       18%          1%          4
g - Bolt of Magma         Conj/Fire/Erth 32%          1%          5

Your spell library contained the following spells:

 Spells                   Type           Power        Failure   Level
 Inner Flame              Hex/Fire       61%          1%          3
 Confusing Touch          Hex            13%          14%         3
 Gell's Gravitas          Tloc           6%           14%         3
 Yara's Violent Unravell  Hex/Tmut       6%           32%         5
 Petrify                  Tmut/Erth      13%          43%         4
 Metabolic Englaciation   Hex/Ice        6%           78%         5


Dungeon Overview and Level Annotations

Branches:
Dungeon (11/15)            Temple (1/1) D:6            Lair (0/6) D:8
    Orc (0/2) D:11

Altars:
Ashenzari
Cheibriados
Dithmenos
Elyvilon
Fedhas
Gozag
Hepliaklqana
Kikubaaqudgha
Makhleb
Nemelex Xobeh
Okawaru
Qazlal
Ru
Sif Muna
Trog
Uskayaw
Vehumet
Wu Jian
Xom
Yredelemnul
Zin
The Shining One

Shops:
D:10 *

Annotations:
D:3 2 transporters, Menkaure


Message History

Your Shields skill increases to level 3!
A skeletal warrior is nearby!
Casting: Sticky Flame (safe; 1% risk of failure)
Confirm with . or Enter, or press ? or * to list all spells.
Aiming: Fireball (dangerous; 1% risk of failure)
Press: ? - help, Shift-Dir - straight line, f - skeletal warrior
Aim: a skeletal warrior, wielding a +0 trident (wandering, hasn't noticed you)
Okay, then.
There is an open door here.
You close the door.
A skeletal warrior opens the door.
You start removing your amulet.
You continue taking off your amulet of reflection. x3
The skeletal warrior hits you from afar with a +0 trident!!
You continue taking off your amulet of reflection.
The skeletal warrior hits you from afar with a +0 trident!
You finish taking off your amulet of reflection.
The skeletal warrior hits you from afar with a +0 trident!
The skeletal warrior hits you from afar with a +0 trident!!
You die...

#.#.#..)†.).'..... '...... ###
#.#.##.....###.8.8 ###..8..
..#####....##)..##### . #.##...#
..#......####.).###.#######'#...#
..'.##...'....+...)..#...##......
..#......#....#####)##...##......
..#......#######..z..............
..#######......#...z.....##.....#
........#.####.#@.####...##.....#
........'......#..# #...##.....#
###'#####......+.... #..........#
...............#....?+..........#
............##.####'######)######
............##... .......)......
.#####...#..##.... ...###........
..###....#.>##........# #.....#..
...#...#.#..# ...... #........


You could see 2 skeletal warriors.

Vanquished Creatures
  A boulder beetle (D:11)
  A hydra (D:10)
  2 two-headed ogres
  A skeletal warrior (D:10)
  Pikel (D:6)
  An ugly thing (D:11)
  A centaur zombie (D:10)
  A troll (D:10)
  Prince Ribbit (D:7)
  12 yaks
  4 wargs
  A soldier ant (D:10)
  7 orc warriors
  A necrophage (D:8)
  3 black bears
  A phantom (D:6)
  A sky beast (D:10)
  An eye of draining (D:9)
  3 ogres
  A lemure (D:6)
  3 centaurs
  3 big kobolds
  10 bullfrogs
  5 scorpions
  6 killer bees
  12 wights
  3 howler monkeys
  3 jellies
  A bullfrog zombie (D:9)
  2 quasits
  8 hounds
  2 centaur skeletons
  12 orc priests
  2 bullfrog skeletons (D:8)
  10 orc wizards
  3 iguanas
  6 worker ants
  A killer bee zombie (D:8)
  2 hound zombies (D:8)
  A howler monkey zombie (D:10)
  2 worker ant zombies
  9 gnolls
  15 adders
  A shadow imp (D:5)
  3 white imps
  3 ufetubi
  An ooze (D:2)
  5 worms
  3 dart slugs
  4 leopard geckos
  44 orcs
  8 giant cockroaches
  7 goblins
  12 hobgoblins
  6 jackals
  11 kobolds
  6 quokkas
  11 bats
  4 frilled lizards
  9 rats
304 creatures vanquished.

Vanquished Creatures (collateral kills)
  A foxfire (D:8)
1 creature vanquished.

Vanquished Creatures (others)
  2 wights (D:6)
  A hound skeleton (D:6)
  1355 foxfires
  2 fulminant prisms (D:10)
1360 creatures vanquished.

Grand Total: 1665 creatures vanquished

Notes
Turn   | Place    | Note
-------+----------+-------------------------------------------
     0 | D:1      | Arthanis the Deep Elf Fire Elementalist began the quest for
                  | the Orb.
     0 | D:1      | Reached XP level 1. HP: 10/10 MP: 6/6
   188 | D:1      | Reached XP level 2. HP: 15/15 MP: 0/8
   647 | D:1      | Reached skill level 4 in Fire Magic
   809 | D:1      | Reached XP level 3. HP: 19/19 MP: 3/10
  1016 | D:2      | Learned a level 3 spell: Conjure Flame
  1332 | D:2      | Found a faded altar of an unknown god.
  1590 | D:2      | Reached XP level 4. HP: 20/24 MP: 4/11
  1605 | D:2      | Learned a level 4 spell: Sticky Flame
  2341 | D:3      | Found a basalt altar of Yredelemnul.
  2341 | D:3      | Noticed a phantom
  2342 | D:3      | Found a transporter.
  2419 | D:3      | Reached skill level 5 in Fire Magic
  2516 | D:3      | Noticed Menkaure
  2518 | D:3      | Found an ancient bone altar of Kikubaaqudgha.
  2523 | D:3      | Found a transporter.
  2624 | D:3      | Reached XP level 5. HP: 28/28 MP: 8/13
  3013 | D:3      | Found a glowing golden altar of the Shining One.
  3428 | D:4      | Learned a level 5 spell: Fireball
  3528 | D:4      | Found a shimmering altar of Xom.
  3669 | D:4      | Reached XP level 6. HP: 32/32 MP: 8/15
  3813 | D:4      | Reached skill level 5 in Spellcasting
  3813 | D:4      | Reached skill level 6 in Fire Magic
  4156 | D:5      | Entered Level 5 of the Dungeon
  4219 | D:5      | Found a glowing silver altar of Zin.
  4457 | D:5      | Found a shimmering altar of Xom.
  4486 | D:5      | Reached XP level 7. HP: 23/36 MP: 7/17
  5025 | D:5      | Reached skill level 7 in Fire Magic
  5605 | D:6      | Reached skill level 5 in Conjurations
  5712 | D:6      | Reached skill level 8 in Fire Magic
  5712 | D:6      | Reached XP level 8. HP: 41/41 MP: 14/20
  5879 | D:6      | Found a staircase to the Ecumenical Temple.
  5891 | Temple   | Entered the Ecumenical Temple
  5945 | Temple   | Became a worshipper of Vehumet
  6032 | D:6      | Noticed Pikel
  6068 | D:6      | Killed Pikel
  6069 | D:6      | Reached skill level 9 in Fire Magic
  7233 | D:7      | Noticed Prince Ribbit
  7240 | D:7      | Killed Prince Ribbit
  7241 | D:7      | Reached XP level 9. HP: 45/45 MP: 17/23
  7288 | D:7      | Reached skill level 10 in Fire Magic
  7486 | D:7      | Found an opulent altar of Gozag.
  7606 | D:7      | Reached * piety under Vehumet
  7606 | D:7      | Offered knowledge of Shock by Vehumet.
  7609 | D:7      | Learned a level 1 spell: Shock
  7810 | D:7      | Found a bloodstained altar of Trog.
  8224 | D:8      | Found a hazy altar of Hepliaklqana.
  8274 | D:8      | Reached skill level 1 in Evocations
  8522 | D:8      | Reached skill level 1 in Fighting
  8687 | D:8      | Found a stormy altar of Qazlal.
  8777 | D:8      | Found a staircase to the Lair.
  9184 | D:8      | Offered knowledge of Searing Ray by Vehumet.
  9286 | D:8      | Reached ** piety under Vehumet
 10129 | D:9      | Reached skill level 11 in Fire Magic
 10129 | D:9      | Reached XP level 10. HP: 53/53 MP: 9/25
 10829 | D:9      | Offered knowledge of Dazzling Flash by Vehumet.
 11166 | D:10     | Entered Level 10 of the Dungeon
 11211 | D:10     | Reached *** piety under Vehumet
 11291 | D:10     | Reached skill level 10 in Spellcasting
 11457 | D:10     | Reached skill level 12 in Fire Magic
 11465 | D:10     | Noticed a two-headed ogre
 11677 | D:9      | Killed a two-headed ogre
 11964 | D:10     | Offered knowledge of Fulminant Prism by Vehumet.
 11977 | D:10     | Learned a level 4 spell: Fulminant Prism
 12100 | D:10     | Noticed a six-headed hydra
 12104 | D:10     | Killed a six-headed hydra
 12105 | D:10     | Reached XP level 11. HP: 57/57 MP: 12/28
 12242 | D:10     | Reached skill level 13 in Fire Magic
 12351 | D:10     | Reached **** piety under Vehumet
 12582 | D:10     | Found Weyneeci's General Store.
 12615 | D:10     | Bought a scroll of identify for 30 gold pieces
 12622 | D:10     | Offered knowledge of Bolt of Magma by Vehumet.
 12629 | D:10     | Learned a level 5 spell: Bolt of Magma
 12842 | D:11     | Noticed a skeletal warrior
 12842 | D:11     | Noticed a skeletal warrior
 12842 | D:11     | Noticed a skeletal warrior
 12876 | D:10     | Killed a skeletal warrior
 12877 | D:10     | Reached skill level 1 in Shields
 12927 | D:11     | Noticed a two-headed ogre
 12930 | D:11     | Killed a two-headed ogre
 13092 | D:11     | Reached skill level 5 in Dodging
 13289 | D:11     | Identified a scroll of acquirement
 13291 | D:11     | Acquired an uncursed staff of fire
 13310 | D:11     | Noticed a green ugly thing
 13321 | D:11     | Killed a green ugly thing
 13745 | D:11     | Got a transparent great sword
 13761 | D:11     | Found a staircase to the Orcish Mines.
 14087 | D:11     | Noticed a boulder beetle
 14153 | D:11     | Killed a boulder beetle
 14193 | D:11     | Slain by a skeletal warrior

Illustrated notes

Levels and vault maps discovered:
D:1:      tarquinn_simple_flora_water_b, layout_rooms, hangedman_decor_points,
          minmay_misc_feat_roman, minmay_tetromino_o2
D:2:      layout_loops_ring, chequers_ecumenical_altar_grove,
          minmay_door_square, dk_vineyard_3
D:3:      layout_rooms, gammafunk_temple_of_torment,
          nicolae_tso_carved_into_rock
D:4:      layout_basic, minmay_misc_feat_x, lemuel_altar_in_water
D:5:      layout_loops_corners, xom_teletrap_fun, basic_altar, st_stairs_10,
          moated_statue, eino_tiny_chamber
D:6:      layout_loops_corners, minmay_temple_entry_wispy, lemuel_flame_loot_1,
          uniq_pikel
D:7:      layout_basic, kennysheep_mini, grunt_gozag_breadcrumbs,
          uniq_prince_ribbit1
D:8:      layout_basic, nicolae_overflow_crystal_walls, general_overflow_altar,
          erik_lair_orcish_takeover, chequers_decorated_corner,
          columned_hall_lemuel
D:9:      hangedman_cross_stitches, layout_basic
D:10:     minmay_skewed_foursquare, layout_rooms, serial_shops, shop
D:11:     layout_stronghold, david_orc_1_choice, nrook_mini_vaults,
          minmay_circle_x
Temple:   compressed_dpeg_circular_temple

Skill      XL: |  1  2  3  4  5  6  7  8  9 10 11 |
---------------+----------------------------------+-----
Fire Magic     | 4 5 6 8 9 11 12 13 | 13.1
Conjurations   | 2 3 4 5 6 7 9 |  9.3
Spellcasting   | 4 5 6 8 9 11 | 11.2
Stealth        | 3 |  3.0
Evocations     | 2 4 |  4.1
Dodging        | 4 6 |  6.0
Fighting       | 2 |  2.0
Shields        | 3 |  3.8

Action                   |  1- 3 |  4- 6 |  7- 9 | 10-12 || total
-------------------------+-------+-------+-------+-------++-------
Melee: Dagger            |     4 |     1 |       |       ||     5
       Spear             |       |       |    17 |    22 ||    39
 Cast: Foxfire           |    95 |   166 |   319 |   245 ||   825
       Sticky Flame      |       |     1 |    13 |    21 ||    35
       Shock             |       |       |     6 |    19 ||    25
       Fireball          |       |       |     3 |    44 ||    47
       Conjure Flame     |       |       |     1 |     4 ||     5
       Fulminant Prism   |       |       |       |     2 ||     2
       Bolt of Magma     |       |       |       |     1 ||     1
  Use: Scroll            |       |       |    17 |     8 ||    25
 Stab: Sleeping          |     1 |       |     1 |     1 ||     3
       Distracted        |       |       |     1 |       ||     1
Armor: Robe              |     7 |       |    20 |    18 ||    45
Dodge: Dodged            |    21 |    17 |    64 |    66 ||   168
Block: Other             |       |       |       |     1 ||     1
       Reflection        |       |       |       |     1 ||     1
